 Dungeon Crawl Stone Soup version 0.24.0-2-g5b39cebb1c (webtiles) character file.

Game seed: 17751644491795786059, levelgen mode: deterministic

193 Arixos the Sneak (level 5, 0/32 HPs)
             Began as a Deep Elf Assassin on Oct 31, 2019.
             Slain by an orc
             ... wielding a +0 mace
              (6 damage)
             ... on level 7 of the Dungeon.
             The game lasted 00:12:27 (4955 turns).

Arixos the Sneak (Deep Elf Assassin)                Turns: 4955, Time: 00:12:27

Health: 0/32       AC:  5    Str:  8    XL:     5   Next: 43%
Magic:  12/12      EV: 13    Int: 17    God:
Gold:   138        SH:  0    Dex: 16    Spells: 11/11 levels left

rFire    . . .     SeeInvis .   a - +2 dagger
rCold    . . .     Gourm    .   (no shield)
rNeg     . . .     Faith    .   g - +0 leather armour
rPois    +         Spirit   .   (no helmet)
rElec    .         Reflect  .   c - +0 cloak
rCorr    .         Harm     .   s - +0 pair of gloves (curse)
MR       .....                  (no boots)
Stlth    +++.......             (no amulet)
HPRegen  0.10/turn              t - ring of poison resistance
MPRegen  0.13/turn              (no ring)

@: no status effects
A: no striking features
a: no special abilities


You were on level 7 of the Dungeon.
You were near starving.

You visited 1 branch of the dungeon, and saw 5 of its levels.

You collected 138 gold pieces.

Inventory:

Hand Weapons
 a - a +2 dagger (weapon)
Missiles
 d - 28 poisoned darts (quivered)
 e - 2 curare-tipped darts
Armour
 c - a +0 cloak (worn)
 g - a +0 leather armour (worn)
 s - a cursed +0 pair of gloves (worn)
Jewellery
 t - a ring of poison resistance (left hand)
Wands
 r - a wand of scattershot (8)
Scrolls
 h - a scroll of remove curse
 j - a scroll of blinking
 k - a scroll of enchant weapon {unknown}
 m - a scroll of enchant armour {unknown}
 p - 2 scrolls of teleportation {unknown}
 u - a scroll of immolation {unknown}
Potions
 b - 3 potions of agility
 i - a potion of experience {unknown}
 l - 2 potions of degeneration {unknown}
 n - 6 potions of curing {unknown}
 o - a potion of heal wounds {unknown}
 q - a potion of invisibility {unknown}
Comestibles
 f - 7 rations


   Skills:
 + Level 3.0 Fighting
 - Level 2.0 Short Blades
 - Level 2.0 Throwing
 + Level 3.8 Dodging
 - Level 4.8 Stealth
 + Level 3.8 Spellcasting


You had 11 spell levels left.
You didn't know any spells.
Your spell library was empty.

Dungeon Overview and Level Annotations

Branches:
Dungeon (4/15)
 Temple: D:4-7

Altars:
Fedhas
Hepliaklqana
Okawaru
Qazlal
Ru

Annotations:
D:3 exclusion: oklob plant


Message History

The orc hits you but does no damage.
You hit the orc.
The orc is heavily wounded.
You hit the orc.
You kill the orc!
Throwing (i - inventory. (/) - cycle)
d - 29 poisoned darts (quivered)
Press: ? - help, Shift-Dir - straight line, f - orc
Aim: an orc, wielding a +0 mace and wearing a +0 leather armour You throw a poisoned dart.
The poisoned dart hits the orc.
The orc is poisoned.
The orc hits you with a +0 mace!
* * * LOW HITPOINT WARNING * * *
You hit the orc.
The orc is moderately wounded.
The orc barely misses you.
You hit the orc.
The orc is severely wounded.
You closely miss the orc.
The orc is severely wounded.
The orc hits you with a +0 mace.
You die...

.......# .......#
.......# ....o..#
....#..# #..#..##
#.....######
##.........########
#.####........o@.#
#.#
#......#####.....#
.. #.......# ###.#
. #........#
##........#
#.........#
#.h.......#
##........#


You could see an orc.

Vanquished Creatures
  An iguana (D:4)
  3 gnolls (D:3)
  5 adders
  2 oozes (D:3)
  An adder skeleton (D:4)
  2 worms
  2 dart slugs
  2 leopard geckos
  2 orcs (D:7)
  7 bats
  3 giant cockroaches
  6 goblins
  12 hobgoblins
  3 jackals (D:3)
  A quokka (D:2)
  4 frilled lizards
  7 kobolds
  7 rats
70 creatures vanquished.

Notes
Turn   | Place    | Note
-------+----------+-------------------------------------------
     0 | D:1      | Arixos the Deep Elf Assassin began the quest for the Orb.
     0 | D:1      | Reached XP level 1. HP: 12/12 MP: 3/3
   602 | D:1      | Reached skill level 1 in Spellcasting
   650 | D:1      | Reached XP level 2. HP: 17/17 MP: 5/5
   911 | D:1      | Found an iron altar of Okawaru.
  1334 | D:1      | Reached XP level 3. HP: 21/21 MP: 7/7
  1354 | D:1      | You fall into a shaft and drop 1 floor!
  1378 | D:2      | You fall into a shaft and drop 2 floors!
  1408 | D:3      | Found a faded altar of an unknown god.
  1596 | D:1      | You fall into a shaft and drop 1 floor!
  1669 | D:2      | Found a hazy altar of Hepliaklqana.
  2086 | D:2      | Found a sacrificial altar of Ru.
  2682 | D:2      | Reached XP level 4. HP: 23/27 MP: 9/9
  3039 | D:3      | Found a stormy altar of Qazlal.
  3457 | D:3      | Reached XP level 5. HP: 26/32 MP: 12/12
  3664 | D:3      | Found a blossoming altar of Fedhas.
  3723 | D:3      | Noticed an oklob plant
  4919 | D:4      | You fall into a shaft and drop 3 floors!
  4955 | D:7      | Slain by an orc

Levels and vault maps discovered:
D:1:      tarquinn_simple_flora_water_e, layout_loops_corners,
          kennysheep_nondescript, okawaru_ov_weapons_minmay
D:2:      layout_loops_ring, lemuel_crystal_altar, lemuel_round_altar,
          first_ration, serial_co_window_serial, co_window_corner_a,
          co_window_corner_a, co_window_paths_a, co_window_paths_b,
          co_window_of_opportunity_a, co_window_broadway_b, co_window_2corner,
          co_window_broadway_a, co_window_corner_cb, glass_columns_a
D:3:      layout_loops_ring, tgw_fedhas, overflow_temple_1_default,
          chequers_ecumenical_altar_simple_redux
D:4:      layout_cave_pods
D:7:      layout_cave_pods, elyvilon_altar_1, old_standard_altar,
          minmay_misc_feat_x, uniq_menkaure

Skill      XL: |  1  2  3  4  5 |
---------------+----------------+-----
Spellcasting   | 1 2 3 |  3.8
Fighting       | 2 3 |  3.0
Dodging        | 2 3 |  3.8
Short Blades   | |  2.0
Throwing       | |  2.0
Stealth        | |  4.8

Action                   |  1- 3 |  4- 6 || total
-------------------------+-------+-------++-------
Melee: Dagger            |   166 |   125 ||   291
Throw: Dart              |    19 |    34 ||    53
  Use: Scroll            |     4 |     3 ||     7
 Stab: Sleeping          |     5 |     2 ||     7
  Eat: Chunk             |     5 |     6 ||    11
Armor: Leather armour    |    36 |    18 ||    54
Dodge: Dodged            |    91 |    54 ||   145
